 Dungeon Crawl Stone Soup version 0.30-a0-358-g0d69a1922f (webtiles) character file.

Game seed: 10601629812630450651

3212 lunid the Cleaver (level 10, -4/76 HPs)
             Began as a Formicid Fighter on Nov 11, 2022.
             Slain by a komodo dragon (17 damage)
             ... on level 7 of the Dungeon.
             The game lasted 00:10:39 (7090 turns).

lunid the Cleaver (Formicid Fighter)                Turns: 7090, Time: 00:10:40

Health: -4/76      AC: 11    Str: 29    XL:     10   Next: 17%
Magic:  10/10      EV:  9    Int: 16    God:
Gold:   286        SH:  5    Dex: 13    Spells: 9/9 levels left

rFire   . . .      SeeInvis +    A - +4 hand axe
rCold   . . .      Faith    .    c - +0 buckler
rNeg    . . .      Spirit   .    o - +0 chain mail
rPois   .          Reflect  .    (helmet unavailable)
rElec   .          Harm     .    (no cloak)
rCorr   .          Rampage  .    (no gloves)
Will    +....                    (no boots)
Stlth   ..........               (no amulet)
HPRegen 0.32/turn                q - +6 ring of intelligence
MPRegen 0.12/turn                r - +6 ring of strength

@: no status effects
A: permanent stasis, dig shafts and tunnels, antennae 3, four strong arms
a: Dig, Shaft Self


You were on level 7 of the Dungeon.
You visited 2 branches of the dungeon, and saw 8 of its levels.

You collected 341 gold pieces.
You spent 55 gold pieces at shops.

Inventory:

Hand Weapons
 a - a +0 war axe
 A - a +4 hand axe (weapon)
Missiles
 x - 14 poisoned darts (quivered)
 I - 5 javelins
Armour
 b - a +0 scale mail
 c - a +0 buckler (worn)
 o - a +0 chain mail (worn)
 y - a scarf of shadows
Jewellery
 q - a +6 ring of intelligence (left hand)
 r - a +6 ring of strength (right hand)
 u - a ring of protection from fire
Wands
 p - a wand of flame (23)
 E - a wand of polymorph (8)
Scrolls
 f - a scroll of poison {unknown}
 g - a scroll of torment {unknown}
 h - 3 scrolls of enchant weapon {unknown}
 i - a scroll of amnesia {unknown}
 j - 6 scrolls of identify {unknown}
 m - a scroll of vulnerability {unknown}
 n - a scroll of butterflies {unknown}
 s - 2 scrolls of immolation {unknown}
 v - 2 scrolls of noise {unknown}
 B - 2 scrolls of teleportation {unknown}
 C - 2 scrolls of blinking {unknown}
 F - a scroll of summoning {unknown}
Potions
 d - 2 potions of might
 e - a potion of mutation {unknown}
 k - a potion of flight {unknown}
 l - 2 potions of invisibility {unknown}
 t - a potion of resistance {unknown}
 w - 2 potions of curing {unknown}
 z - 2 potions of heal wounds
 D - a potion of degeneration {unknown}
 G - a potion of lignification {unknown}
 H - a potion of cancellation {unknown}


   Skills:
 + Level 6.1 Fighting
 + Level 9.6 Axes
 + Level 0.8 Throwing
 + Level 8.4 Armour
 + Level 1.5 Dodging
 + Level 1.5 Stealth
 + Level 6.5 Shields
 + Level 0.9 Evocations


You had 9 spell levels left.
You didn't know any spells.
Your spell library contained the following spells:

 Spells                   Type           Power      Damage    Failure   Level
 Cigotuvi's Dreadful Rot  Necr/Pois/Air  0%         N/A       89%         2
 Ensorcelled Hibernation  Hex/Ice        0%         N/A       89%         2
 Ignite Poison            Fire/Tmut/Pois 0%         N/A       98%         3
 Spider Form              Tmut/Pois      0%         N/A       98%         3
 Summon Guardian Golem    Hex/Summ       0%         N/A       98%         3
 Anguish                  Hex/Necr       0%         N/A       100%        4
 Dispel Undead            Necr           0%         3d6       100%        4
 Sticky Flame             Conj/Fire      0%         2d3       100%        4
 Death Channel            Necr           0%         N/A       100%        6
 Orb of Destruction       Conj           0%         9d5       100%        7
 Spellforged Servitor     Conj/Summ      0%         N/A       100%        7
 Ignition                 Fire           0%         3d3       100%        8


Dungeon Overview and Level Annotations

Branches:
Dungeon (7/15)             Temple (1/1) D:4

Altars:
Cheibriados
Fedhas
Gozag
Hepliaklqana
Kikubaaqudgha
Nemelex Xobeh
Qazlal
Sif Muna
Trog
Xom
Yredelemnul
Zin
The Shining One
Lugonu

Shops:
D:4 *(?[

Annotations:
D:5 1 runed translucent door, Crazy Yiuf


Innate Abilities, Weirdness & Mutations

You cannot be hasted, slowed, berserked, paralysed or teleported.
You can dig through walls and to a lower floor.
You have a pair of large antennae on your head. (SInv)
Your four strong arms can wield two-handed weapons with a shield.


Message History

The komodo dragon bites you!
You hit the komodo dragon but do no damage.
The komodo dragon is lightly wounded.
The komodo dragon bites you. The wyvern bites you.
You hit the komodo dragon.
The komodo dragon is moderately wounded.
You hit the wyvern. You block the wyvern's attack.
The komodo dragon misses you.
You slash the komodo dragon!
The komodo dragon is heavily wounded.
You hit the wyvern.
The wyvern bites you but does no damage.
You block the komodo dragon's attack.
You hit the komodo dragon.
The komodo dragon is severely wounded.
You closely miss the wyvern. You block the wyvern's attack.
The wyvern bites you!
You barely miss the komodo dragon.
The komodo dragon is severely wounded.
You barely miss the wyvern. The komodo dragon bites you!
The wyvern bites you but does no damage.
You are too injured to fight recklessly!
You are too injured to fight recklessly!
You are too injured to fight recklessly!
You are too injured to fight recklessly!
You barely miss the komodo dragon.
The komodo dragon is severely wounded.
You hit the wyvern. You block the komodo dragon's attack.
The wyvern hisses menacingly.
You block the wyvern's attack.
You slash the komodo dragon!
The komodo dragon is almost dead.
You hit the wyvern but do no damage. The wyvern bites you!
The komodo dragon bites you!
* * * LOW HITPOINT WARNING * * *
You barely miss the komodo dragon.
The komodo dragon is almost dead.
You hit the wyvern but do no damage. The wyvern closely misses you.
The komodo dragon bites you!
You die...

#.### .# ...###.#. # ##
.........
#8###8##........
................
..........# ..........#
#8###8###l#
#############.@# . .
###.............l## ## .
P .†...###..........# ..#
.## ...............#..##
.. ..
##############.#.#.####..
#.##. #.#.#.....o.D# #...
#.#.#..###.## #####.
#.#..........# #....#
#.##...##.###. ##.##.


You could see a komodo dragon and a wyvern.

Vanquished Creatures
  Sigmund (D:5)
  A wraith (D:7)
  5 yaks (D:6)
  Eustachio (D:5)
  Edmund (D:5)
  A steam dragon (D:7)
  A water moccasin (D:6)
  2 ice beasts
  A sky beast (D:6)
  2 black bears
  An ogre (D:6)
  A centaur (D:7)
  A kobold brigand (D:6)
  A necrophage (D:2)
  7 scorpions
  A bullfrog (D:7)
  A killer bee (D:6)
  A howler monkey (D:6)
  2 jellies (D:5)
  4 hounds
  An orc priest (D:7)
  An iguana (D:5)
  An orc wizard (D:5)
  5 adders
  4 gnolls
  2 worms
  2 dart slugs
  9 orcs
  10 ball pythons
  4 bats
  2 bat zombies (D:4)
  5 endoplasms
  4 giant cockroaches
  6 goblins
  9 hobgoblins
  5 jackals
  4 frilled lizards
  13 kobolds
  A rat (D:3)
  2 rat zombies (D:4)
126 creatures vanquished.

Vanquished Creatures (others)
  13 plants
13 creatures vanquished.

Grand Total: 139 creatures vanquished

Notes
Turn   | Place    | Note
-------+----------+-------------------------------------------
     0 | D:1      | lunid the Formicid Fighter began the quest for the Orb.
     0 | D:1      | Reached XP level 1. HP: 18/18 MP: 1/1
   158 | D:1      | Reached XP level 2. HP: 24/24 MP: 2/2
   490 | D:1      | Reached XP level 3. HP: 29/29 MP: 3/3
   863 | D:2      | Noticed a necrophage
   872 | D:2      | Killed a necrophage
   873 | D:2      | Reached skill level 3 in Axes
   873 | D:2      | Reached XP level 4. HP: 22/37 MP: 4/4
  1031 | D:2      | Found a faded altar of an unknown god.
  1068 | D:2      | Reached XP level 5. HP: 42/42 MP: 5/5
  2658 | D:4      | Found Voff's Magic Scroll Shoppe.
  2658 | D:4      | Found Guom's Antique Armour Shoppe.
  2663 | D:4      | Reached skill level 4 in Axes
  2669 | D:4      | Found Cuitess's Antique Weapon Shoppe.
  2674 | D:4      | Found Nekoroergh's General Store.
  2687 | D:4      | Reached XP level 6. HP: 31/48 MP: 6/6
  2771 | D:4      | Noticed a black bear
  2783 | D:4      | Killed a black bear
  2836 | D:4      | Bought a potion of heal wounds for 55 gold pieces
  2893 | D:4      | Found an opulent altar of Gozag.
  2930 | D:4      | Found a staircase to the Ecumenical Temple.
  2955 | D:4      | Reached skill level 5 in Axes
  2955 | D:4      | Reached XP level 7. HP: 30/54 MP: 7/7
  3311 | D:4      | Found an ancient bone altar of Kikubaaqudgha.
  3421 | D:5      | Entered Level 5 of the Dungeon
  3443 | D:5      | Noticed Eustachio
  3471 | D:5      | Killed Eustachio
  3472 | D:5      | Reached skill level 6 in Axes
  3472 | D:5      | Reached skill level 1 in Dodging
  3498 | Temple   | Entered the Ecumenical Temple
  3559 | D:5      | Noticed Edmund
  3576 | D:5      | Killed Edmund
  3577 | D:5      | Reached skill level 5 in Armour
  3765 | D:5      | Reached XP level 8. HP: 52/58 MP: 8/8
  3812 | D:5      | Reached skill level 1 in Stealth
  4065 | D:5      | Found a basalt altar of Yredelemnul.
  4067 | D:5      | Noticed a profane servitor
  4098 | D:5      | Found a glowing golden altar of the Shining One.
  4100 | D:5      | Noticed an angel
  4152 | D:5      | Found a runed translucent door.
  4153 | D:5      | Noticed Crazy Yiuf
  4209 | D:5      | Reached skill level 7 in Axes
  4588 | D:5      | Noticed Sigmund
  4602 | D:5      | Killed Sigmund
  4603 | D:5      | Reached skill level 5 in Shields
  4894 | D:6      | Found a sparkling altar of Nemelex Xobeh.
  4909 | D:6      | Reached skill level 5 in Fighting
  4909 | D:6      | Reached skill level 8 in Axes
  4910 | D:6      | Reached XP level 9. HP: 38/68 MP: 9/9
  5354 | D:6      | You fall into a shaft and drop 1 floor!
  5674 | D:6      | Reached skill level 9 in Axes
  6673 | D:6      | Reached XP level 10. HP: 67/76 MP: 10/10
  6972 | D:7      | Noticed a komodo dragon
  7090 | D:7      | Slain by a komodo dragon

Illustrated notes

Levels and vault maps discovered:
D:1:      dpeg_arrival_brainrot, layout_loops_ring, nicolae_wormholes
D:2:      layout_loops_ring, shapermc_ecumenical_altar_totnotflames
D:3:      layout_basic
D:4:      lemuel_castle_with_subvaults [lemuel_castle_interior_carwin_1],
          layout_basic, lemuel_coloured_pillars_altar,
          lemuel_zombie_altar_kikubaaqudgha, grunt_gozag_breadcrumbs,
          minmay_temple_entry_from_below_b, minmay_shop_grid_forest,
          serial_bayou_ford_a
D:5:      layout_basic, grunt_temple_overflow_holy_war, uniq_edmund,
          uniq_eustachio, uniq_sigmund, uniq_crazy_yiuf_cottage
D:6:      layout_layer_cave, mainiacjoe_overflow_chevrons
D:7:      layout_basic, serial_corexii_hall, corexii_hall_statues_i,
          corexii_hall_statues_i, corexii_hall_statues_s,
          corexii_hall_statues_x, minmay_shattered_shrine
Temple:   corrupted_temple

Skill      XL: |  1  2  3  4  5  6  7  8  9 10 |
---------------+-------------------------------+-----
Axes           | 3 4 5 6 8 9 |  9.6
Armour         | 4 5 6 7 8 |  8.4
Fighting       | 4 5 6 |  6.1
Dodging        | 1 |  1.5
Stealth        | 1 |  1.5
Shields        | 5 6 |  6.5
Throwing       | |  0.8
Evocations     | |  0.9

Action                   |  1- 3 |  4- 6 |  7- 9 | 10-12 || total
-------------------------+-------+-------+-------+-------++-------
Melee: War axe           |    57 |   105 |     8 |       ||   170
       Hand axe          |       |       |   242 |    36 ||   278
Throw: Dart              |       |     4 |     3 |       ||     7
Evoke: Wand              |       |       |     3 |       ||     3
Armor: Scale mail        |    34 |    20 |       |       ||    54
       Chain mail        |       |    51 |    87 |    14 ||   152
Dodge: Dodged            |    19 |    42 |    74 |    12 ||   147
Block: Buckler           |    15 |    23 |    47 |    10 ||    95

Table legend: (Time is in decaauts)
 A = Elapsed time spent in this place.
 B = Non-inter-level travel time spent in this place.
 C = Inter-level travel time spent in this place.
 D = Time resting spent in this place.
 E = Time spent auto-exploring this place.
 F = Levels seen in this place.
 G = Mean time per level.
                   A        B        C        D        E       F      G
               +--------+--------+--------+--------+--------+-----+--------+
         Total |   7147 |   6837 |    310 |    781 |   4924 |   8 |  893.4 |
       Dungeon |   7104 |   6805 |    299 |    781 |   4902 |   7 | 1014.9 |
        Temple |     42 |     31 |     11 |      0 |     22 |   1 |   42.0 |
               +--------+--------+--------+--------+--------+-----+--------+

Top non-repeatable levels by time:
     D:6: 1648 daAuts
     D:5: 1351 daAuts
     D:3: 1109 daAuts
     D:1: 829 daAuts
     D:4: 805 daAuts
     D:2: 766 daAuts
     D:7: 593 daAuts
  Temple: 42 daAuts
